 Dungeon Crawl Stone Soup version 0.24.0-5-g267a8d59f4 (webtiles) character file.

Game seed: 14280339163700931615, levelgen mode: deterministic

100 wullow the Vexing (level 4, 0/39 HPs)
             Began as a Naga Wanderer on Nov 2, 2019.
             Slain by an orc
             ... wielding a +0 trident
              (9 damage)
             ... on level 3 of the Dungeon.
             The game lasted 00:08:47 (2371 turns).

wullow the Vexing (Naga Wanderer)                   Turns: 2371, Time: 00:08:48

Health: 0/39       AC:  2    Str: 18    XL:     4   Next: 74%
Magic:  16/16      EV:  9    Int: 11    God:
Gold:   152        SH:  0    Dex:  9    Spells: 3/7 levels left

rFire    . . .     SeeInvis +   a - +0 falchion
rCold    . . .     Gourm    .   (no shield)
rNeg     . . .     Faith    .   d - +0 robe
rPois    +         Spirit   .   (no helmet)
rElec    .         Reflect  .   (no cloak)
rCorr    .         Harm     +   (no gloves)
MR       .....                  (no barding)
Stlth    +.........             c - amulet of harm
HPRegen  0.13/turn              i - ring of attention (curse)
MPRegen  0.15/turn              r - ring of magical power

@: short of breath, very slow
A: large, see invisible, deformed body, poison resistance, slowness 2, slow
metabolism 1, spit poison 1, AC +1
a: Spit Poison


You were on level 3 of the Dungeon.
You were not hungry.

You visited 1 branch of the dungeon, and saw 3 of its levels.

You collected 152 gold pieces.

Inventory:

Hand Weapons
 a - a +0 falchion (weapon)
 e - a +0 dagger
 j - a +0 hunting sling
 q - a +0 hand axe
Missiles
 b - 14 arrows
 g - 26 bolts
 h - 56 stones (quivered)
 n - 34 sling bullets
Armour
 d - a +0 robe (worn)
Jewellery
 c - an amulet of harm (around neck)
 i - a cursed ring of attention (left hand)
 r - a ring of magical power (right hand)
Scrolls
 k - 2 scrolls of amnesia
Potions
 l - 2 potions of degeneration
 m - 3 potions of heal wounds
 p - a potion of berserk rage {unknown}
 s - a potion of haste
 t - a potion of lignification {unknown}
 u - a potion of mutation {unknown}
Comestibles
 f - 5 rations
 o - 6 chunks of flesh


   Skills:
 * Level 2.0 Fighting
 + Level 1.8 Long Blades
 + Level 0.9 Armour
 - Level 1.0 Dodging
 + Level 3.6 Stealth
   Level 1.0 Shields
 + Level 2.1 Spellcasting
 + Level 4.2 Hexes


You had 3 spell levels left.
You knew the following spells:

 Your Spells              Type           Power        Failure   Level  Hunger
a - Corona                Hex            ##.....      4%          1    ##.....
b - Confuse               Hex            ##......     16%         3    ####...

Your spell library contained the following spells:

 Spells                   Type           Power        Failure   Level  Hunger
 Tukima's Dance           Hex            ##......     16%         3    ####...
 Ensorcelled Hibernation  Hex/Ice        #.....       19%         2    ###....
 Summon Small Mammal      Summ           #...         28%         1    ##.....
 Dazzling Spray           Conj/Hex       #.....       36%         3    ####...
 Summon Guardian Golem    Hex/Summ       #.......     36%         3    ####...


Dungeon Overview and Level Annotations

Branches:
Dungeon (3/15)

Altars:


Innate Abilities, Weirdness & Mutations

You cannot wear boots.
Your serpentine skin is tough. (AC +1)
You have supernaturally acute eyesight. (SInv)
Armour fits poorly on your strangely shaped body.
Your system is resistant to poisons. (rPois)
You cover ground very slowly.
You have a slow metabolism.
You can spit poison.


Message History

The frilled lizard barely misses you.
The frilled lizard bites you but does no damage.
The orc closely misses you.
An orc comes into view. It is wielding a +0 club.
Found 20 sling bullets.
The orc shouts!
The frilled lizard barely misses you.
The orc hits you from afar with a +0 trident!
The frilled lizard closely misses you.
Press: ? - help, Shift-Dir - straight line, f - orc
Aim: an orc, wielding a +0 trident and wearing a +0 scale mail The splash of poison hits the frilled lizard.
The frilled lizard is poisoned.
You kill the frilled lizard!
You feel slightly more hungry. The orc misses you.
The orc hits you from afar with a +0 trident.
* * * LOW HITPOINT WARNING * * *
There is a stone staircase leading up here.
The orc hits you from afar with a +0 trident!
You die...

# ######## .......#
########## ####...###
###...[....# .........####
#......o##.#
#<..........######.#.###.#
##.................#.# #.# #
####...#.##.########.###.##.#
# #...#.##.....@.oo.†....))#
##.##.##..#######.##.###.#
#####.##.##..# #.##.# #
......##.##..# #.##.#
########..#..# ## #.##.#
#########.#..#.... ......
.......)÷................
#########.......##.###(.#
#<.#.....#


You could see 2 orcs.

Vanquished Creatures
  Jessica (D:2)
  An adder (D:2)
  4 worms
  2 leopard geckos (D:2)
  7 orcs (D:3)
  2 ball pythons
  4 giant cockroaches
  6 goblins
  2 hobgoblins
  2 jackals (D:3)
  6 frilled lizards
  4 kobolds
  6 rats
47 creatures vanquished.

Notes
Turn   | Place    | Note
-------+----------+-------------------------------------------
     0 | D:1      | wullow the Naga Wanderer began the quest for the Orb.
     0 | D:1      | wullow set off with the following items: a +0 falchion, a
                  | +0 robe, a +0 dagger, a ration; and the following spells
                  | available to memorise: Corona, Ensorcelled Hibernation,
                  | Summon Small Mammal, Confuse, Tukima's Dance, Dazzling
                  | Spray, Summon Guardian Golem
     0 | D:1      | Reached XP level 1. HP: 15/15 MP: 2/2
     2 | D:1      | Learned a level 1 spell: Corona
   254 | D:1      | Reached XP level 2. HP: 13/24 MP: 3/3
   801 | D:2      | Reached skill level 1 in Fighting
  1177 | D:2      | Reached XP level 3. HP: 31/31 MP: 5/5
  1422 | D:2      | Found a faded altar of an unknown god.
  1745 | D:2      | Noticed Jessica
  1755 | D:2      | Killed Jessica
  1755 | D:2      | Reached XP level 4. HP: 21/39 MP: 5/7
  2327 | D:3      | Learned a level 3 spell: Confuse
  2371 | D:3      | Slain by an orc

Levels and vault maps discovered:
D:1:      minmay_arrival_checkered_box, layout_rooms, hangedman_glass_teeth
D:2:      layout_loops_ring, chequers_ecumenical_altar_twisty, chequers_avenue,
          uniq_jessica
D:3:      layout_loops_ring

Skill      XL: |  1  2  3  4 |
---------------+-------------+-----
Fighting       | 1 2 |  2.0
Spellcasting   | 2 |  2.1
Long Blades    | |  1.8
Armour         | |  0.9
Dodging        | |  1.0
Stealth        | |  3.6
Shields        | |  1.0
Hexes          | |  4.2

Action                   |  1- 3 |  4- 6 || total
-------------------------+-------+-------++-------
Melee: Falchion          |    83 |    52 ||   135
Throw: Stone             |     1 |       ||     1
 Abil: Spit Poison       |    17 |    14 ||    31
  Use: Scroll            |     1 |     3 ||     4
 Stab: Sleeping          |     1 |       ||     1
  Eat: Chunk             |     3 |     2 ||     5
Armor: Robe              |    14 |    13 ||    27
Dodge: Dodged            |    47 |    32 ||    79
       Rpst.: Falchion   |    17 |     8 ||    25
